 Dungeon Crawl Stone Soup version 0.26-a0-259-g1effd001a9 (webtiles) character file.

Game seed: 12279177165705293020

2153 Lugonue the Thaumaturge (level 9, -4/46 HPs)
             Began as a Deep Elf Fire Elementalist on July 24, 2020.
             Was an Initiate of Sif Muna.
             Killed from afar by a bullfrog (50 damage)
             ... with an exploding inner flame
             ... hexed by the player character
             ... on level 7 of the Dungeon.
             The game lasted 00:15:13 (8285 turns).

Lugonue the Thaumaturge (DEFE)                      Turns: 8285, Time: 00:15:13

Health: -4/46      AC:  4    Str:  5    XL:     9   Next: 10%
Magic:  18/23      EV: 21    Int: 24    God:    Sif Muna [......]
Gold:   48         SH:  9    Dex: 20    Spells: 14/25 levels left

rFire    . . .     SeeInvis .   r - +3 whip of the Swamp {holy, Dex+2}
rCold    . . .     Faith    .   e - +0 buckler
rNeg     + . .     Spirit   .   a - +0 robe
rPois    .         Reflect  +   (no helmet)
rElec    .         Harm     .   d - +0 cloak
rCorr    .                      j - +0 pair of gloves {Dex+3}
MR       .....                  (no boots)
Stlth    +++.......             b - amulet of reflection
HPRegen  0.15/turn              m - ring of positive energy
MPRegen  0.18/turn              l - +4 ring of evasion

@: no status effects
A: no striking features
a: Renounce Religion


You were on level 7 of the Dungeon.
You worshipped Sif Muna.
Sif Muna was noncommittal.
You were not hungry.

You visited 2 branches of the dungeon, and saw 8 of its levels.

You collected 345 gold pieces.
You spent 297 gold pieces at shops.

Inventory:

Hand Weapons
 r - the +3 whip of the Swamp (weapon) {holy, Dex+2}
   (You found it on level 5 of the Dungeon)

   It has been blessed by the Shining One to cause great damage to the undead
   and demons.
   It affects your dexterity (+2).
Armour
 a - a +0 robe (worn)
 d - a +0 cloak (worn)
 e - a +0 buckler (worn)
 j - a +0 pair of gloves of dexterity (worn)
Jewellery
 b - an amulet of reflection (around neck)
 l - a +4 ring of evasion (right hand)
 m - a ring of positive energy (left hand)
Wands
 q - a wand of disintegration (15)
Scrolls
 f - 2 scrolls of teleportation
 k - 4 scrolls of magic mapping
 o - 3 scrolls of enchant weapon
 t - a scroll of enchant armour {unknown}
Potions
 g - a potion of magic
 h - a potion of haste
 i - 2 potions of curing
 n - a potion of flight
 p - 3 potions of heal wounds
 s - a potion of berserk rage
 u - a potion of stabbing
 w - a potion of mutation {unknown}
 x - a potion of degeneration {unknown}
Comestibles
 c - 15 rations


   Skills:
 + Level 0.7 Fighting
 + Level 1.0 Maces & Flails
 * Level 6.7 Dodging
 + Level 3.1 Stealth
 + Level 0.5 Shields
 + Level 0.5 Unarmed Combat
 + Level 8.5 Spellcasting
 + Level 6.4 Conjurations
 + Level 2.0 Hexes
 + Level 6.9 Fire Magic


You had 14 spell levels left.
You knew the following spells:

 Your Spells              Type           Power        Failure   Level
a - Foxfire               Conj/Fire      ####         1%          1
b - Conjure Flame         Conj/Fire      #####...     1%          3
c - Inner Flame           Hex/Fire       ####....     4%          3
d - Sticky Flame          Conj/Fire      #####...     6%          4

Your spell library contained the following spells:

 Spells                   Type           Power        Failure   Level
 Fireball                 Conj/Fire      #####.....   17%         5


Dungeon Overview and Level Annotations

Branches:
Dungeon (7/15)             Temple (1/1) D:7

Altars:
Ashenzari
Elyvilon
Fedhas
Gozag
Hepliaklqana
Makhleb
Nemelex Xobeh
Sif Muna
Uskayaw
Vehumet
Wu Jian
Xom
The Shining One

Shops:
D:4 [%}:   D:6 (%!


Message History

Casting: Inner Flame (dangerous; 4% risk of failure)
Confirm with . or Enter, or press ? or * to list all spells.
You conjure some foxfire!
Casting: Foxfire (safe; 1% risk of failure)
Confirm with . or Enter, or press ? or * to list all spells.
You conjure some foxfire!
The foxfire hits the bullfrog.
Flame seeps out of the bullfrog.
The bullfrog is moderately wounded.
The bullfrog is engulfed in blazing flames.
Flame seeps out of the bullfrog.
The foxfire hits the bullfrog!
The bullfrog explodes!
The fiery explosion engulfs your foxfire.
Your foxfire completely resists.
The fiery explosion engulfs your foxfire.
Your foxfire completely resists.
The fiery explosion engulfs your foxfire.
Your foxfire completely resists.
The fiery explosion engulfs you!!!
Ouch! That really hurt!
You die...

#...Z<.....5.
...(..####............h
.......$......###......
............## .....#
...........# ...##
......§....# ...###
.....○v§§.## ##...#
.....§§v§..####...#
.....§v@§........####
########............#
##......^##..####
##.............#
#.......#.#...#
#......#.#.#..#
#.....#.#.#.#.#
#......#)>.#..#
#.....#.#.#.#.#


There were no monsters in sight!

Vanquished Creatures
  Sigmund (D:2)
  A water moccasin (D:5)
  An orc warrior (D:6)
  A sky beast (D:5)
  A necrophage (D:5)
  3 ogres
  A centaur (D:5)
  A big kobold (D:5)
  A bullfrog (D:4)
  A scorpion (D:6)
  5 killer bees
  A howler monkey (D:6)
  A bullfrog zombie (D:6)
  4 orc priests
  A bullfrog skeleton (D:7)
  3 hounds
  2 orc wizards
  4 iguanas
  4 worker ants
  A hound skeleton (D:6)
  A howler monkey zombie (D:5)
  Robin (D:2)
  8 gnolls
  8 adders
  2 white imps
  An ooze (D:5)
  An adder zombie (D:5)
  An adder skeleton (D:3)
  4 worms
  2 dart slugs
  5 leopard geckos
  12 orcs
  4 giant cockroaches
  15 goblins
  5 hobgoblins
  7 jackals
  3 quokkas
  2 ball pythons
  A ball python zombie (D:5)
  5 bats
  4 frilled lizards
  12 kobolds
  5 rats
147 creatures vanquished.

Vanquished Creatures (others)
  649 foxfires
649 creatures vanquished.

Grand Total: 796 creatures vanquished

Notes
Turn   | Place    | Note
-------+----------+-------------------------------------------
     0 | D:1      | Lugonue the Deep Elf Fire Elementalist began the quest for
                  | the Orb.
     0 | D:1      | Reached XP level 1. HP: 10/10 MP: 6/6
   458 | D:1      | Reached XP level 2. HP: 5/15 MP: 0/8
  1512 | D:2      | Noticed Sigmund
  1745 | D:2      | Reached XP level 3. HP: 8/19 MP: 1/10
  2742 | D:2      | Killed Sigmund
  2742 | D:2      | Reached skill level 4 in Spellcasting
  2742 | D:2      | Reached XP level 4. HP: 16/24 MP: 4/12
  2742 | D:2      | Reached XP level 5. HP: 18/28 MP: 4/14
  3089 | D:2      | Found a faded altar of an unknown god.
  3125 | D:2      | Noticed Robin
  3165 | D:2      | Killed Robin
  3651 | D:3      | Reached skill level 5 in Spellcasting
  3657 | D:3      | Reached XP level 6. HP: 23/32 MP: 5/15
  3745 | D:3      | Learned a level 3 spell: Conjure Flame
  3749 | D:3      | Learned a level 3 spell: Inner Flame
  4464 | D:4      | Found Dyunumoo's Book Boutique.
  4689 | D:4      | Learned a level 4 spell: Sticky Flame
  4880 | D:4      | Reached skill level 5 in Fire Magic
  4880 | D:4      | Reached XP level 7. HP: 36/36 MP: 4/17
  5033 | D:4      | Found Neopax's Gadget Shop.
  5082 | D:4      | Found an ornate altar of the Wu Jian Council.
  5088 | D:4      | Reached skill level 6 in Spellcasting
  5136 | D:4      | Found Pofilao's Antique Armour Shop.
  5538 | D:4      | Reached skill level 5 in Dodging
  5760 | D:4      | Bought a pair of embroidered gloves for 187 gold pieces
  5973 | D:4      | Found Itomig's Food Boutique.
  6028 | D:5      | Entered Level 5 of the Dungeon
  6032 | D:5      | Reached skill level 7 in Spellcasting
  6032 | D:5      | Reached skill level 5 in Conjurations
  6141 | D:5      | Reached XP level 8. HP: 41/41 MP: 10/21
  6563 | D:5      | Found a hide-covered altar of Uskayaw.
  6579 | D:5      | Got an encrusted whip
  6580 | D:5      | Identified the +3 whip of the Swamp {holy, Dex+2} (You
                  | found it on level 5 of the Dungeon)
  7117 | D:5      | Reached skill level 8 in Spellcasting
  7120 | D:5      | Reached skill level 1 in Hexes
  7750 | D:6      | Found Luush's Food Boutique.
  7793 | D:6      | Found Gaojiep's Distillery.
  7796 | D:6      | Bought a potion of heal wounds for 55 gold pieces
  7796 | D:6      | Bought a potion of heal wounds for 55 gold pieces
  8008 | D:6      | Found Witatap's Antique Weapon Boutique.
  8023 | D:6      | Found a burning altar of Makhleb.
  8063 | D:7      | Found a staircase to the Ecumenical Temple.
  8076 | Temple   | Entered the Ecumenical Temple
  8099 | Temple   | Became a worshipper of Sif Muna the Loreminder
  8125 | D:7      | Reached XP level 9. HP: 46/46 MP: 16/23
  8134 | D:7      | Reached skill level 1 in Maces & Flails
  8285 | D:7      | Killed from afar by a bullfrog

Illustrated notes

Levels and vault maps discovered:
D:1:      noname_arrival_rooms_in_the_neighbourhood, layout_loops_ring,
          minmay_misc_feat_room
D:2:      layout_loops_corners, chequers_ecumenical_altar_island, uniq_sigmund,
          uniq_robin
D:3:      layout_basic, first_ration
D:4:      layout_basic, old_standard_altar, serial_shops, shop,
          nicolae_shop_waterfront, shop, shop
D:5:      minmay_thick_lines, layout_rooms, overflow_temple_1_default
D:6:      layout_rooms, kennysheep_mini_moat, serial_shops,
          nicolae_shop_behind_doors, nicolae_shop_overgrown_old_shop, shop
D:7:      layout_layer_cave, minmay_temple_entry_grid,
          ebering_ghost_disaster_area, grunt_ogre_cave, sword_in_stone,
          uniq_menkaure
Temple:   eino_narrow_crystal_temple

Skill      XL: |  1  2  3  4  5  6  7  8  9 |
---------------+----------------------------+-----
Conjurations   | 2 3 4 5 6 |  6.4
Dodging        | 3 4 5 6 |  6.7
Spellcasting   | 4 5 7 8 |  8.5
Fire Magic     | 4 5 6 |  6.9
Stealth        | 3 |  3.1
Hexes          | 2 |  2.0
Maces & Flails | 1 |  1.0
Fighting       | |  0.7
Shields        | |  0.5
Unarmed Combat | |  0.5

Action                   |  1- 3 |  4- 6 |  7- 9 || total
-------------------------+-------+-------+-------++-------
Melee: Unarmed           |       |     1 |    16 ||    17
       Whip              |       |       |    16 ||    16
 Cast: Foxfire           |   108 |   158 |   164 ||   430
       Inner Flame       |       |     2 |    15 ||    17
       Sticky Flame      |       |       |     7 ||     7
       Conjure Flame     |       |       |     2 ||     2
  Use: Scroll            |     6 |     2 |     8 ||    16
       Potion            |       |       |     1 ||     1
  Eat: Ration            |     2 |     2 |     3 ||     7
Armor: Robe              |       |     7 |     1 ||     8
       Skin              |       |       |    19 ||    19
Dodge: Dodged            |     8 |    18 |    31 ||    57
Block: Other             |       |     1 |    10 ||    11
       Buckler           |       |       |    22 ||    22
       Reflection        |       |       |     4 ||     4

Table legend:
 A = Non-vault XP
 B = Vault XP
 C = Vault XP percentage of total XP
 D = Non-vault monster count
 E = Vault monster count
 F = Vault count percentage of total count
                 A         B        C        D         E       F
            +---------+---------+-------+---------+---------+-------
      Total |    2806 |     270 |   8.8 |     131 |      16 |  10.9
            +---------+---------+-------+---------+---------+-------
        D:1 |      27 |       0 |   0.0 |      17 |       0 |   0.0
        D:2 |      56 |     248 |  81.6 |      10 |      13 |  56.5
        D:3 |     232 |       0 |   0.0 |      24 |       0 |   0.0
        D:4 |     600 |       0 |   0.0 |      25 |       0 |   0.0
        D:5 |     945 |      22 |   2.3 |      31 |       3 |   8.8
        D:6 |     604 |       0 |   0.0 |      18 |       0 |   0.0
        D:7 |     342 |       0 |   0.0 |       6 |       0 |   0.0
            +---------+---------+-------+---------+---------+-------
